Unix NetHack Version 5.0.0-0 post-release - last build May 31 2026 23:59:36 (970b52f25bf058293b47ddfd14a1e40e571c508c,branch:main).

Game began 2026-06-09 13:22:23, ended 2026-06-09 17:28:14.

Jobair, lawful female dwarven Archeologist

                                                             ---------
                                                             .>......|
                                               -------     # |.......|
                                               ......|     ##.....d..|
                                               |...(.|    ###|......d|
                                               |..<...##  ## ------d--
                                               -----+- #  ##       @
                                                       # ##        dd
                                                       # #
                                                       ###
                                                        ##          d

Jobair the Field Worker    St:16 Dx:9 Co:12 In:13 Wi:16 Ch:10  Lawful
Dlvl:7  $:70 HP:0(40) Pw:17(17) AC:-2 Xp:5 T:3235  Burdened

Latest messages:
 The wolf bites!
 The werewolf just misses!
 You hit the werewolf!
 You hit the werewolf.
 The wolf bites!
 The wolf misses!
 The werewolf reads a scroll labeled KO BATE!
 You miss the wolf.
 The wolf bites!
 The wolf bites!
 You miss the wolf.
 You hit the wolf!
 The wolf misses!
 The wolf bites!
 You miss the wolf.
 The wolf bites!
 The wolf bites!
 You hit the wolf.
 The wolf bites!
 The wolf bites!
 What do you want to drink?
 You feel much better.
 The wolf bites!
 The wolf misses!
 The wolf misses!
 You miss the wolf.
 The wolf misses!
 The wolf bites!
 The wolf just misses!
 You miss the wolf.
 You hear a wolf howling at the moon.
 You hit the wolf!
 The wolf bites!
 The wolf bites!
 The wolf bites!
 You miss the wolf.
 The wolf bites!
 The wolf bites!
 The wolf bites!
 You miss the wolf.
 You hit the wolf.
 The wolf bites!
 The wolf bites!
 The wolf bites!
 You die...
 Do you want your possessions identified? [ynq] (y) y
 Do you want to see your attributes? [ynq] (y) y
 Do you want an account of creatures vanquished? [ynaq] (y) y
 Do you want to see your conduct and achievements? [ynq] (y) y
 Do you want to see the dungeon overview? [ynq] (y) y

Inventory:
 Coins    ('$')
  $ - 70 gold pieces
 Weapons  (')')
  n - 8 +0 darts
  Y - a +0 scimitar (weapon in right hand)
 Armor    ('[')
  Q - an uncursed +0 helm of telepathy (being worn)
  V - an uncursed +0 pair of speed boots (being worn)
  T - an uncursed +0 large shield (being worn)
  U - an uncursed +0 cloak of protection (being worn)
  X - an uncursed +0 elven mithril-coat (being worn)
 Comestibles  ('%')
  y - an uncursed carrot
  d - 7 uncursed food rations
  D - an uncursed tripe ration
 Scrolls  ('?')
  l - an uncursed scroll of create monster
  j - a cursed scroll of create monster
  k - an uncursed scroll of enchant armor
  w - 2 cursed scrolls of identify
  q - a blessed scroll of light
  A - an uncursed scroll of scare monster
 Spellbooks  ('+')
  h - an uncursed spellbook of magic missile
 Potions  ('!')
  p - an uncursed potion of healing
  m - an uncursed potion of object detection
 Wands    ('/')
  E - a cursed wand of lightning (0:5)
  s - a wand of magic missile (0:4)
  o - a wand of make invisible (0:5)
  z - a wand of secret door detection (0:10)
 Tools    ('(')
  b - an uncursed sack containing 1 item
  i - an uncursed oil lamp
  x - an uncursed skeleton key
  f - a tinning kit (0:90)
 Gems/Stones  ('*')
  c - an uncursed jade stone
  g - an uncursed touchstone

Contents of the sack:
  a +0 pick-axe

Jobair the Archeologist's attributes:

Background:
 You were a Field Worker, a level 5 female dwarven Archeologist.
 You were lawful, nominally on a mission for Quetzalcoatl
 who was opposed by Camaxtli (neutral) and Huhetotl (chaotic).
 You were right-handed.
 You were in the Dungeons of Doom, on level 7.
 You entered the dungeon 3235 turns ago.
 You had 255 experience points, 65 more were needed to attain level 6.

Basics:
 You had 0 out of 40 hit points.
 You had all 17 energy points (spell power).
 Your armor class was -2.
 Your wallet contained 70 zorkmids.
 Autopickup was off.

Final Characteristics:
 Your strength was 16 (limit:18/100).
 Your dexterity was 9 (limit:20).
 Your constitution was 12 (limit:20).
 Your intelligence was 13 (limit:16).
 Your wisdom was 16 (limit:16).
 Your charisma was 10 (limit:16).

Final Status:
 You weren't hungry.
 You were burdened; movement was slightly slowed.
 You were wielding a saber.
 You had basic skill with saber.

Final Attributes:
 You were piously aligned.
 You were telepathic.
 You had automatic searching.
 You had infravision.
 You were stealthy.
 You were protected.
 You were very fast.
 You are dead.

Miscellaneous:
 You didn't encounter any bones levels.
 Total elapsed playing time was 1 hour, 49 minutes and 56 seconds.

Major events:
 Turn
    1: Jobair the lawful female dwarven Archeologist entered the dungeon
  766: attained the rank of Field Worker (level 3)
 1612: entered the Gnomish Mines
 3235: killed by a wolf

You didn't know any spells.

Skills:
 Fighting Skills
   bare handed combat [Unskilled]
   two weapon combat  [Unskilled]
   riding             [Unskilled]
 Weapon Skills
   dagger             [Unskilled]
   knife              [Unskilled]
   pick-axe           [Basic]
   short sword        [Unskilled]
   saber              [Basic]
   club               [Unskilled]
   quarterstaff       [Unskilled]
   sling              [Unskilled]
   dart               [Unskilled]
   boomerang          [Unskilled]
   whip               [Basic]
   unicorn horn       [Unskilled]
 Spellcasting Skills
   attack spells      [Unskilled]
   healing spells     [Unskilled]
   divination spells  [Unskilled]
   matter spells      [Unskilled]

Voluntary challenges:
 Character rerolling was not enabled.
 You were an atheist.
 You never genocided any monsters.
 You never polymorphed an object.
 You never changed form.
 You used no wishes.
Achievements:
 You attained the rank of Field Worker.
 You entered the Gnomish Mines.
 You entered a shop.

 The Dungeons of Doom: levels 1 to 7
    Level 1:
       A fountain.
    Level 2:
       Stairs down to The Gnomish Mines.
    Level 3:
       A fountain, a sink.
    Level 4:
       An armor shop.
    Level 5:
       A fountain.
    Level 6:
       Many fountains.
    Level 7: <- You were here.
       Final resting place for
          you, killed by a wolf.
 The Gnomish Mines:
    Level 3:


Vanquished creatures:
  a leprechaun
  a wood nymph
 an Uruk-hai
  a rock piercer
  a kobold mummy
  a dwarf
  a homunculus
  a kobold leader
  5 hill orcs
  a rothe
  2 centipedes
  a monkey
  4 iguanas
  a coyote
  a hobbit
  2 manes
  a hobgoblin
  a brown mold
  a yellow mold
  a red mold
  3 garter snakes
  a gnome zombie
  5 geckos
  2 jackals
  3 foxes
  a goblin
  2 sewer rats
  8 grid bugs
  6 lichens
  a kobold zombie
  3 newts
64 creatures vanquished.

No species were genocided or became extinct.

Game over:
                       ----------
                      /          \
                     /    REST    \
                    /      IN      \
                   /     PEACE      \
                  /                  \
                  |      Jobair      |
                  |      70 Au       |
                  | killed by a wolf |
                  |                  |
                  |                  |
                  |                  |
                  |       2026       |
                 *|     *  *  *      | *
        _________)/\\_//(\/(/\)/\//\/|_)_______

Goodbye Jobair the Archeologist...

You died in The Dungeons of Doom on dungeon level 7 with 1403 points,
and 70 pieces of gold, after 3235 moves.
You were level 5 with a maximum of 40 hit points when you died.

